 Dungeon Crawl Stone Soup version 0.31.0-10-gcf4a605ca0 (webtiles) character file.

Game seed: 8335987457307764142

1407 nicanaca0 the Cleaver (level 8, 0/64 HPs)
             Began as a Minotaur Berserker on Jan 25, 2024.
             Was a Priest of Trog.
             Slain by Pikel
             ... wielding a +0 whip of electrocution
              (10 damage)
             ... on level 6 of the Dungeon.
             The game lasted 00:07:57 (5490 turns).

nicanaca0 the Cleaver (Minotaur Berserker)          Turns: 5490, Time: 00:07:58

Health: 0/64       AC:  9    Str: 21    XL:     8   Next: 42%
Magic:  7/7        EV:  8    Int:  6    God:    Trog [***...]
Gold:   313        SH:  0    Dex: 11    Spells: 7/7 levels left

rFire   . . .        m - +1 dagger (elec)
rCold   . . .        F - orb {*Rage}
rNeg    . . .        l - +0 chain mail
rPois   +            (helmet restricted)
rElec   .            (no cloak)
rCorr   .            p - +0 pair of gloves
SInv    .            (no boots)
Will    ++...        (no amulet) Stlth
                     q - ring of poison resistance
HPRegen 1.30/turn    (no ring)
MPRegen 0.10/turn

%: random rage (20%)
@: strong-willed, on berserk cooldown, regenerating
A: horns 2, retaliatory headbutt
a: Renounce Religion, Berserk, Trog's Hand


You were on level 6 of the Dungeon.
You worshipped Trog.
Trog was most pleased with you.
You visited 1 branch of the dungeon, and saw 6 of its levels.

You collected 335 gold pieces.
You spent 22 gold pieces at shops.

Inventory:

Hand Weapons
 a - a +0 hand axe
 f - a +0 war axe
 m - a +1 dagger of electrocution (weapon)
Missiles
 s - 16 stones
 A - 4 poisoned darts (quivered)
Armour
 b - a +0 animal skin
 c - a +0 ring mail
 l - a +0 chain mail (worn)
 p - a +0 pair of gloves (worn)
 r - a +2 leather armour of fire resistance
 u - a +0 plate armour
 B - an orb of light
 F - an orb of wrath (worn)
Jewellery
 n - an amulet of magic regeneration
 q - a ring of poison resistance (left hand)
 C - a +4 ring of slaying
Talismans
 k - a maw talisman
Scrolls
 g - 2 scrolls of poison
 w - a scroll of teleportation
 x - 2 scrolls of noise {unknown}
 y - 2 scrolls of enchant weapon {unknown}
 D - a scroll of acquirement {unknown}
 E - a scroll of amnesia {unknown}
 G - a scroll of fog {unknown}
Potions
 d - 5 potions of enlightenment
 e - 3 potions of curing {@q1}
 h - a potion of degeneration
 i - a potion of brilliance {unknown}
 j - 2 potions of heal wounds {unknown}
 o - a potion of lignification
 t - a potion of invisibility {unknown}
 v - a potion of resistance {unknown}
 z - a potion of attraction {unknown}


   Skills:
 - Level 3.6 Fighting
 * Level 12.8 Axes
 - Level 2.4 Armour
 - Level 2.1 Dodging


You had 7 spell levels left.
You didn't know any spells.
Your spell library was empty.

Dungeon Overview and Level Annotations

Branches:
Dungeon (6/15)             Temple (0/1) D:5

Altars:
Makhleb
Uskayaw
Xom

Shops:
D:2 ?   D:4 *   D:5 *

Annotations:
D:6 Pikel


Innate Abilities, Weirdness & Mutations

You have a pair of horns on your head.
You reflexively headbutt those who attack you in melee.


Message History

You hit the lemure. Lightning courses through the lemure!
Your headbutt misses the lemure.
The lemure is severely wounded.
You hear a shout!
The lemure hits you but does no damage.
A lemure comes into view.
You closely miss the lemure. Your headbutt misses the lemure.
The lemure is severely wounded.
You feel yourself speed up.
The lemure hits you but does no damage. x2; Pikel hits you but does no damage.
You closely miss the lemure.
The lemure is severely wounded.
Pikel hits you with a +0 whip of electrocution.
The lemure barely misses you.
You miss the lemure. Your headbutt misses the lemure.
The lemure is severely wounded.
Pikel hits you with a +0 whip of electrocution.
The lemure hits you. The lemure hits you but does no damage.
You hit the lemure.
The lemure is severely wounded.
Pikel hits you with a +0 whip of electrocution.
The lemure barely misses you. The lemure hits you!
The lemure barely misses you. You furiously retaliate!
You headbutt the lemure!
You are too injured to fight recklessly!
Your skin crawls.
You feel strong-willed. Pikel barely misses you.
The lemure hits you but does no damage. x2
The lemure hits you.
You're still recovering from your berserk rage.
You closely miss Pikel. Your headbutt misses Pikel. Pikel barely misses you.
The lemure hits you! The lemure hits you.
* * * LOW HITPOINT WARNING * * *
The lemure hits you!
* * * LOW HITPOINT WARNING * * *
You are too injured to fight recklessly!
You hit Pikel.
Pikel is lightly wounded.
Pikel hits you with a +0 whip of electrocution!
You die...
Pikel says, "See you in Hell!"

........... ............
...##########
...###..### ..<.#.....#
..........#..#
....#....##..##### ###
...##....##..##55##.....
..###....+.....K@5.....#
.##.#.#####......#.$...#
##.8+....##......# ....#
#...#............# ..(#
...##............# ..#
..##.##..##..##..# ##
.##..##..##..#####
##....+..'....#
#.....#..#....#


You could see Pikel and 3 lemures.

Vanquished Creatures
  Grinder (D:5)
  Sigmund (D:3)
  A sky beast (D:6)
  2 ice beasts
  2 bullfrogs
  A bombardier beetle (D:6)
  A jelly (D:5)
  An orc priest (D:6)
  5 hounds
  Natasha (thrice) (D:3)
  2 iguanas
  An orc wizard (D:4)
  Robin (D:2)
  3 gnolls (D:3)
  9 adders
  A shadow imp (D:6)
  A white imp (D:5)
  2 ufetubi (D:5)
  5 dart slugs
  2 ribbon worms
  7 orcs
  11 bats
  6 endoplasms
  7 giant cockroaches
  7 hobgoblins
  9 quokkas
  2 ball pythons
  3 frilled lizards
  16 goblins
  8 kobolds
  8 rats
129 creatures vanquished.

Notes
Turn   | Place    | Note
-------+----------+-------------------------------------------
     0 | D:1      | nicanaca0 the Minotaur Berserker began the quest for the
                  | Orb.
     0 | D:1      | Reached XP level 1. HP: 19/19 MP: 0/0
    80 | D:1      | Reached skill level 4 in Axes
   120 | D:1      | Reached XP level 2. HP: 26/26 MP: 1/1
   407 | D:1      | You fall into a shaft and drop 1 floor!
   513 | D:2      | Reached skill level 5 in Axes
   554 | D:2      | Reached XP level 3. HP: 24/31 MP: 2/2
   623 | D:2      | Found Yxzo's Magic Scroll Shop.
   626 | D:2      | Bought a scroll of identify for 22 gold pieces
   920 | D:1      | Reached ** piety under Trog
  1190 | D:2      | Reached XP level 4. HP: 30/39 MP: 3/3
  1193 | D:2      | Reached skill level 6 in Axes
  1510 | D:2      | Found a faded altar of an unknown god.
  1518 | D:2      | Noticed Robin
  1529 | D:2      | Killed Robin
  1826 | D:3      | Reached XP level 5. HP: 27/45 MP: 4/4
  1961 | D:3      | Reached skill level 7 in Axes
  1964 | D:3      | Noticed Sigmund
  1975 | D:3      | Killed Sigmund
  1976 | D:3      | Reached skill level 8 in Axes
  1976 | D:3      | Reached XP level 6. HP: 35/51 MP: 5/5
  2018 | D:3      | Noticed Natasha
  2040 | D:3      | Killed Natasha
  2201 | D:3      | Noticed Natasha
  2223 | D:3      | Killed Natasha
  2614 | D:3      | Noticed Natasha
  2618 | D:3      | Killed Natasha
  2619 | D:3      | Reached skill level 9 in Axes
  3276 | D:4      | Identified the +5 ring mail of Negation {rCorr}
  3508 | D:4      | Found Kithraqesk's Assorted Antiques.
  3591 | D:4      | Reached *** piety under Trog
  3592 | D:4      | Reached XP level 7. HP: 33/57 MP: 6/6
  4173 | D:5      | Entered Level 5 of the Dungeon
  4190 | D:5      | Reached skill level 10 in Axes
  4271 | D:5      | Found Udwaseli's Overcharged Wands.
  4315 | D:5      | Noticed Grinder
  4331 | D:5      | Killed Grinder
  4332 | D:5      | Reached skill level 11 in Axes
  4553 | D:5      | Found a staircase to the Ecumenical Temple.
  4670 | D:5      | Reached XP level 8. HP: 64/64 MP: 7/7
  5180 | D:6      | Reached skill level 12 in Axes
  5198 | D:6      | Found a hide-covered altar of Uskayaw.
  5200 | D:6      | Found a shimmering altar of Xom.
  5334 | D:6      | Found a burning altar of Makhleb.
  5482 | D:6      | Noticed Pikel
  5490 | D:6      | Slain by Pikel

Illustrated notes

Levels and vault maps discovered:
D:1:      heliophobic_arrival_ceremonial_halls, layout_loops_cross,
          serial_rivers, chequers_serial_rivers_large_b,
          chequers_serial_rivers_small_a, chequers_serial_rivers_micro_c,
          chequers_serial_rivers_small_3
D:2:      layout_loops_ring, shapermc_ecumenical_altar_flowoftime, serial_shops,
          nicolae_shop_rolled_up, minmay_box_of_dots, uniq_robin
D:3:      layout_loops_ring, gup_sewer_entry_bubbles, chequers_arboretum,
          item_on_display_a, uniq_natasha, uniq_sigmund
D:4:      layout_loops_corners, serial_shops, shop
D:5:      layout_cave_pools, minmay_temple_entry_large_hall,
          nicolae_shop_overcharged_wands, uniq_grinder
D:6:      layout_gridville, led_sif_book,
          chequers_temple_overflow_statue_of_worship, grunt_decor_arrowhead,
          uniq_pikel

Skill      XL: |  1  2  3  4  5  6  7  8 |
---------------+-------------------------+-----
Axes           | 4 5 6 8 9 11 12 | 12.8
Fighting       | |  3.6
Armour         | |  2.4
Dodging        | |  2.1

Action                     |  1- 3 |  4- 6 |  7- 9 || total
---------------------------+-------+-------+-------++-------
  Melee: Hand axe          |   102 |    37 |       ||   139
         Headbutt          |    11 |    32 |    19 ||    62
         Punch             |     1 |     1 |       ||     2
         Dagger            |       |   155 |    97 ||   252
  Throw: Stone             |    15 |    14 |       ||    29
         Dart              |       |    26 |    40 ||    66
 Invoke: Berserk           |     1 |     2 |       ||     3
         Trog's Hand       |       |     1 |     1 ||     2
    Use: Scroll            |       |     9 |       ||     9
 Armour: Ring mail         |    68 |    24 |       ||    92
         Animal skin       |     3 |       |       ||     3
         Skin              |       |     6 |       ||     6
         Leather armour    |       |    46 |       ||    46
         Chain mail        |       |    58 |   104 ||   162
  Dodge: Dodged            |    54 |    81 |    51 ||   186
